 Dungeon Crawl Stone Soup version 0.18.1-8-gdd0e5ea (webtiles) character file.

264 M4edhros the Cleaver (level 5, -1/46 HPs)
             Began as a Minotaur Berserker on May 23, 2016.
             Was a Believer of Trog.
             Slain by a slave (2 damage)
             ... led by Pikel
             ... while paralysed by Pikel
             ... on level 5 of the Dungeon.
             The game lasted 00:02:17 (440 turns).

M4edhros the Cleaver (Minotaur Berserker)            Turns: 440, Time: 00:02:17

Health: -1/46      AC:  4    Str: 22    XL:     5   Next: 98%
Magic:  4/4        EV:  2    Int:  4    God:    Trog [**....]
Gold:   68         SH:  0    Dex:  8    Spells: 0 memorised, 4 levels left

rFire  + . .     SeeInvis .     a - +0 hand axe
rCold  . . .     Gourm    .     b - +0 animal skin
rNeg   . . .     Faith    .     k - +0 shield
rPois  .         Spirit   .     (helmet restricted)
rElec  .         Dismiss  .     (no cloak)
rCorr  .         Reflect  .     i - +0 pair of gloves
SustAt .         Harm     .     (no boots)
MR     .....                    (no amulet)
Stlth  +.........               (no ring)
                                (no ring)

@: paralysed, very slightly contaminated, invisible, not resistant to hostile
enchantments, very unstealthy
A: retaliatory headbutt, horns 2, rugged brown scales 1, clumsy 1, fire
resistance 1
a: Berserk, Trog's Hand, Burn Spellbooks, Renounce Religion


You were on level 5 of the Dungeon.
You worshipped Trog.
Trog was pleased with you.
You were near starving.

You visited 1 branch of the dungeon, and saw 5 of its levels.

You collected 68 gold pieces.

Inventory:

Hand Weapons
 a - a +0 hand axe (weapon)
Missiles
 j - 6 javelins (quivered)
Armour
 b - a +0 animal skin (worn)
 i - a +0 pair of gloves (worn)
 k - a +0 shield (worn)
Wands
 m - a wand of paralysis (24/24)
Scrolls
 e - a scroll of remove curse
Potions
 n - a potion of degeneration {unknown}
Comestibles
 c - 2 bread rations
 f - a fruit


   Skills:
 - Level 3.6 Fighting
 + Level 8.1 Axes
 - Level 2.4 Armour
 - Level 2.1 Dodging


You had 4 spell levels left.
You didn't know any spells.

Dungeon Overview and Level Annotations

Branches:
Dungeon (5/15)
 Temple: D:4-7

Altars:

Annotations:
D:5 Pikel


Innate Abilities, Weirdness & Mutations

You reflexively headbutt those who attack you in melee.
You have a pair of horns on your head.
You are partially covered in rugged brown scales (AC +1, +3% HP).
You are clumsy. (Dex -2)
Your flesh is heat resistant.


Message History

You see here a bread ration.
Unknown command.
Drink which item? (? for menu, Esc to quit)
It was a potion of invisibility.
You fade into invisibility!
Pikel zaps a wand.
You suddenly lose the ability to move!
It is a wand of paralysis.
The slave barely misses you.
You are very lightly contaminated with residual magic.
You feel less exhausted. The slave hits you. The slave hits you!
The slave hits you but does no damage. The slave hits you!
Pikel hits you but does no damage. The slave hits you. The slave hits you! x2
* * * LOW HITPOINT WARNING * * *
Pikel hits you with a whip of freezing.
* * * LOW HITPOINT WARNING * * *
Pikel freezes you.
* * * LOW HITPOINT WARNING * * *
The slave hits you.
You die...

#######****** *#..@pp#,,,,,**
*#..ppK......,,**
#.......?....,,,*
#............,,,* *********
#.........(..,,,* *,,,,,,,*
#......[<....,,,* *,,,,,,,*
#............,,,* *,,,,,,,*
*#.......$....,,,******
*,,,,,,,***,,,,,,,,,,,,,,,,,..,,*


You could see Pikel and 4 slaves.

Vanquished Creatures
  A sky beast (D:5)
  A hound (D:5)
  3 orc wizards
  A worker ant (D:4)
  An adder (D:5)
  2 dart slugs
  5 orcs
  3 goblins
  3 hobgoblins
  4 jackals (D:1)
  A kobold (D:2)
  A quokka (D:2)
  A bat (D:2)
  2 giant newts (D:2)
29 creatures vanquished.

Notes
Turn   | Place    | Note
--------------------------------------------------------------
     0 | D:1      | M4edhros the Minotaur Berserker began the quest for the Orb.
     0 | D:1      | Reached XP level 1. HP: 19/19 MP: 0/0
    50 | D:1      | Reached skill level 4 in Axes
    54 | D:1      | Reached XP level 2. HP: 26/26 MP: 1/1
   279 | D:4      | Reached ** piety under Trog
   279 | D:4      | Reached skill level 5 in Axes
   279 | D:4      | Reached XP level 3. HP: 25/31 MP: 2/2
   280 | D:4      | Reached skill level 6 in Axes
   280 | D:4      | Reached XP level 4. HP: 32/39 MP: 3/3
   303 | D:5      | Entered Level 5 of the Dungeon
   325 | D:5      | Reached XP level 5. HP: 45/45 MP: 4/4
   328 | D:5      | Reached skill level 7 in Axes
   392 | D:5      | Noticed a sky beast
   397 | D:5      | Killed a sky beast
   397 | D:5      | Reached skill level 8 in Axes
   401 | D:5      | Gained mutation: You are clumsy. (Dex -2) [mutagenic meat]
   402 | D:5      | Gained mutation: You are partially covered in rugged brown scales (AC +1, +3% HP). [mutagenic meat]
   403 | D:5      | Gained mutation: Your flesh is heat resistant. [mutagenic meat]
   434 | D:5      | Noticed Pikel
   434 | D:5      | Noticed a slave
   435 | D:5      | Noticed a slave
   435 | D:5      | Noticed a slave
   435 | D:5      | Noticed a slave
   435 | D:5      | Paralysed by Pikel for 7 turns
   439 | D:5      | HP: 1/46 [Pikel/whip of freezing (3)]
   440 | D:5      | Slain by a slave

Skill      XL: |  1  2  3  4  5 |
---------------+----------------+-----
Axes           | 4 5 6 8 |  8.1
Fighting       | |  3.6
Armour         | |  2.4
Dodging        | |  2.1

Action                   |  1- 3 |  4- 6 || total
-------------------------+-------+-------++-------
Melee: Hand axe          |    32 |    16 ||    48
       Headbutt          |     3 |     1 ||     4
Invok: Berserk           |     1 |     2 ||     3
  Use: Potion            |     2 |     1 ||     3
       Scroll            |       |     4 ||     4
  Eat: Chunk             |       |     4 ||     4
Armor: Animal skin       |     7 |     3 ||    10
Dodge: Dodged            |    24 |     5 ||    29
Block: Shield            |     3 |     1 ||     4
